 Dungeon Crawl Stone Soup version 0.18-a0-5-gf1fb587 (webtiles) character file.

29397 Duffy the Archer (level 13, -2/111 HPs)
             Began as a Naga Enchanter on Oct 31, 2015.
             Was the Champion of Cheibriados.
             Slain by an orc warrior
             ... wielding a +0 trident
              (6 damage)
             ... on level 12 of the Dungeon.
             The game lasted 00:43:23 (19519 turns).

Duffy the Archer (Naga Enchanter)                  Turns: 19519, Time: 00:43:23

Health: -2/111     AC:  8    Str: 25    XL:     13   Next: 45%
Magic:  20/20      EV: 19    Int: 32    God:    Cheibriados [******]
Gold:   762        SH:  0    Dex: 31    Spells: 5 memorised, 9 levels left

rFire  + . .     SeeInvis +     a - +5 longbow
rCold  + . .     Clarity  .     H - +0 troll leather armour
rNeg   + . .     SustAt   .     (no shield)
rPois  +         Gourm    .     r - +1 hat
rElec  .         Spirit   .     q - +0 cloak
rCorr  .         Warding  +     (no gloves)
rMut   .         Stasis   .     (no barding)
MR     +....                    y - amulet of warding
Stlth  ++++++....               m - ring of protection from fire
                                e - ring of protection from cold

@: very slow, somewhat resistant to hostile enchantments, very stealthy
A: see invisible, deformed body, poison resistance, slowness 2, slow metabolism
1, spit poison 2, constrict 1, AC +4
a: Spit Poison, Bend Time, Temporal Distortion, Slouch, Step From Time, Renounce
Religion


You were on level 12 of the Dungeon.
You worshipped Cheibriados.
Cheibriados was exalted by your worship.
You were not hungry.

You visited 3 branches of the dungeon, and saw 14 of its levels.

You collected 762 gold pieces.


Innate Abilities, Weirdness & Mutations

You cannot wear boots.
Your serpentine skin is tough (AC +4).
You have supernaturally acute eyesight.
Armour fits poorly on your strangely shaped body.
Your system is resistant to poisons.
You cover ground very slowly.
You have a slow metabolism.
You can spit poison.
You can use your snake-like lower body to constrict enemies.


   Skills:
 - Level 6.0 Fighting
 - Level 6.8 Short Blades
 + Level 13.3 Bows
 - Level 8.0 Dodging
 - Level 10.5 Stealth
 - Level 4.8 Spellcasting
 - Level 8.5 Hexes


You had 9 spell levels left.
You knew the following spells:

 Your Spells              Type           Power        Failure   Level  Hunger
a - Ensorcelled Hibernat  Hex/Ice        #####.       1%          2    None
c - Confuse               Hex            ######..     1%          3    None
d - Dazzling Spray        Conj/Hex       #####...     2%          3    None
r - Corona                Hex            ######.      1%          1    None
t - Tukima's Dance        Hex            ######..     1%          3    None

Inventory:

Hand Weapons
 a - a +5 longbow (weapon)
 b - a +2 dagger
 h - a +0 blowgun
Missiles
 s - 111 poisoned needles
 u - 5 curare-tipped needles
 v - 7 javelins
 F - 114 arrows (quivered)
 G - 2 throwing nets
 T - 15 poisoned arrows
Armour
 q - a +0 cloak (worn)
 r - a +1 hat (worn)
 H - a +0 troll leather armour (worn)
 M - the +7 leather armour "Mipsatup" {*Contam rPois Dex+8}

   It affects your dexterity (+8).
   It protects you from poison.
   It causes magical contamination when unequipped.
Jewellery
 e - a ring of protection from cold (left hand)
 g - an uncursed ring of fire
 l - an uncursed ring of sustain attributes
 m - a ring of protection from fire (right hand)
 x - an uncursed ring of teleportation
 y - an amulet of warding (around neck)
 E - an uncursed ring of protection from fire
Wands
 B - a wand of teleportation (3)
Scrolls
 k - 3 scrolls of fog
 n - 3 scrolls of remove curse
 w - a scroll of blinking
 C - 3 scrolls of fear
 J - a scroll of immolation
 N - a scroll of vulnerability
Potions
 f - a potion of invisibility {unknown}
 j - 3 potions of resistance
 p - 3 potions of cancellation
 t - a potion of flight {unknown}
 z - 5 potions of agility
 A - 2 potions of degeneration {unknown}
 D - a potion of ambrosia
 I - 2 potions of poison {unknown}
 L - a potion of brilliance {unknown}
 Q - a potion of mutation {unknown}
 R - a potion of curing {unknown}
 U - 3 potions of heal wounds {unknown}
 V - 2 potions of beneficial mutation {unknown}
Books
 c - a book of Maledictions
 K - a book of Geomancy
Miscellaneous
 S - a lantern of shadows
Comestibles
 d - 6 bread rations
 o - 6 meat rations
 O - 5 beef jerkies
 P - 7 slices of pizza

Dungeon Overview and Level Annotations

Branches:
Dungeon (12/15)            Temple (1/1) D:4            Lair (1/8) D:11
    Orc: D:9-12

Altars:
Ashenzari
Cheibriados
Dithmenos
Elyvilon
Fedhas
Gozag
Kikubaaqudgha
Makhleb
Nemelex Xobeh
Okawaru
Qazlal
Ru
Trog
Vehumet
Xom
Yredelemnul
Zin
The Shining One

Annotations:
D:3 Archteshnor's ghost, amateur DsCK
D:5 exclusion: statue
D:11 exclusion: upstairs
D:12 xeno23's ghost, journeyman DDNe


Message History

An orc warrior comes into view. It is wielding a trident.
Read which item? (? for menu, Esc to quit)
As you read the scroll of teleportation, it crumbles to dust.
You feel strangely unstable. The orc closely misses you.
The orc completely misses you.
The orc warrior hits you with a hand axe!
The gnoll sergeant closely misses you.
Your surroundings seem slightly different.
The orc warrior shouts!
The orc warrior barely misses you. The orc hits you but does no damage.
The gnoll sergeant hits you from afar with a spear.
The orc warrior completely misses you. The gnoll sergeant misses you.
The orc completely misses you. The orc warrior hits you with a flail!!
Really attack while wielding your +5 longbow?
Okay, then.
The gnoll sergeant misses you. The orc warrior completely misses you.
The gnoll sergeant completely misses you.
The orc closely misses you. The orc warrior closely misses you.
The gnoll sergeant hits you but does no damage.
The orc warrior misses you. The orc warrior barely misses you.
The orc warrior misses you. The orc warrior barely misses you.
The gnoll sergeant closely misses you. The orc completely misses you.
The orc warrior closely misses you. x2
The gnoll sergeant hits you from afar with a spear.
The orc warrior hits you with a hand axe.
The orc closely misses you. The orc warrior hits you with a flail.
The orc warrior hits you from afar with a trident!
The gnoll sergeant hits you but does no damage.
The orc warrior misses you. The orc barely misses you. The orc misses you.
The orc warrior closely misses you. The gnoll sergeant barely misses you.
The orc warrior hits you with a hand axe.
The orc completely misses you.
The gnoll sergeant completely misses you.
The orc warrior hits you from afar with a trident.
You die...

#..........#
#....#######.. ..#
#..[.#.......# ..#
#.†..#.......# ..#
#'####.......####..#
.........[.........#
.......####........#
.......####...go...#
.............ooo@..#
..............o....#
.####.))(.....#....#
. #..)((.........# .
....(...........#
...##)#######....#
..... #(# #....#
..... #(# #....#
..... #o' ...#


You could see 3 orc warriors, a gnoll sergeant and 2 orcs.

Action                   |  1- 3 |  4- 6 |  7- 9 | 10-12 | 13-15 || total
-------------------------+-------+-------+-------+-------+-------++-------
Melee: Dagger            |    46 |   135 |   239 |   363 |    94 ||   877
       Spear             |       |       |   121 |     6 |       ||   127
 Fire: Longbow           |       |       |       |   291 |   123 ||   414
Throw: Javelin           |       |       |       |     7 |     2 ||     9
 Cast: Ensorcelled Hiber |     1 |    21 |    42 |   135 |    34 ||   233
       Confuse           |       |     7 |    42 |    74 |     1 ||   124
 Abil: Spit Poison       |    38 |    56 |    12 |     5 |       ||   111
  Use: Scroll            |       |     6 |     3 |    22 |     1 ||    32
       Potion            |       |       |     1 |       |       ||     1
 Stab: Sleeping          |     3 |    18 |    35 |   111 |    17 ||   184
       Confused          |       |     1 |    32 |    25 |       ||    58
       Distracted        |       |     1 |     2 |       |       ||     3
  Eat: Chunk             |     2 |    12 |    10 |    23 |     4 ||    51
       Beef jerky        |       |     2 |     2 |       |       ||     4
       Royal jelly       |       |       |     2 |       |       ||     2
       Pizza             |       |       |       |     2 |       ||     2

Notes
Turn   | Place    | Note
--------------------------------------------------------------
     0 | D:1      | Duffy the Naga Enchanter began the quest for the Orb.
     0 | D:1      | Reached XP level 1. HP: 15/15 MP: 3/3
   140 | D:1      | Reached XP level 2. HP: 22/22 MP: 5/5
   147 | D:1      | Learned a level 2 spell: Ensorcelled Hibernation
   221 | D:1      | Reached skill level 5 in Stealth
   524 | D:1      | Reached skill level 2 in Short Blades
   672 | D:1      | Reached XP level 3. HP: 28/28 MP: 6/6
   679 | D:1      | Learned a level 3 spell: Confuse
  1193 | D:2      | Reached skill level 6 in Stealth
  1200 | D:2      | Reached XP level 4. HP: 10/36 MP: 4/7
  1749 | D:2      | Reached skill level 3 in Short Blades
  2127 | D:3      | Noticed Archteshnor's ghost (amateur DsCK)
  2127 | D:3      | Reached XP level 5. HP: 42/42 MP: 8/8
  2751 | D:2      | Reached skill level 7 in Stealth
  3389 | D:2      | Reached XP level 6. HP: 44/49 MP: 9/9
  3599 | D:3      | Noticed Ijyb
  3602 | D:3      | Killed Ijyb
  3697 | D:3      | Reached skill level 3 in Spellcasting
  3719 | D:3      | Reached skill level 4 in Hexes
  4049 | D:3      | Found a basalt altar of Yredelemnul.
  4106 | D:4      | Learned a level 3 spell: Tukima's Dance
  4195 | D:4      | Found an opulent altar of Gozag.
  4223 | D:4      | Noticed Raultor's ghost (novice GrFi)
  4319 | D:4      | Found a staircase to the Ecumenical Temple.
  4355 | Temple   | Entered the Ecumenical Temple
  4429 | D:5      | Entered Level 5 of the Dungeon
  4490 | D:5      | Reached XP level 7. HP: 44/55 MP: 12/12
  4680 | D:5      | Reached skill level 4 in Spellcasting
  4680 | D:5      | Reached skill level 5 in Hexes
  5120 | D:5      | Found a radiant altar of Vehumet.
  5622 | D:5      | Noticed bart's ghost (amateur HOCK)
  5676 | D:6      | Reached XP level 8. HP: 59/62 MP: 11/15
  5713 | D:6      | Reached skill level 1 in Fighting
  5713 | D:6      | Reached skill level 6 in Hexes
  5822 | D:5      | Reached skill level 2 in Fighting
  6055 | D:6      | Killed Archteshnor's ghost
  6055 | D:6      | Reached skill level 3 in Fighting
  6055 | D:6      | Reached skill level 7 in Hexes
  6177 | D:6      | Found a sacrificial altar of Ru.
  6256 | D:6      | Reached skill level 4 in Fighting
  6488 | D:6      | Learned a level 3 spell: Dazzling Spray
  6590 | D:6      | Reached XP level 9. HP: 61/79 MP: 7/16
  6971 | D:6      | Reached skill level 5 in Fighting
  7000 | D:6      | Reached skill level 8 in Hexes
  7616 | D:6      | Noticed a deep elf fighter
  7620 | D:6      | Killed a deep elf fighter
  7620 | D:6      | Reached skill level 6 in Fighting
  7744 | D:5      | Killed bart's ghost
  7744 | D:5      | Reached skill level 4 in Short Blades
  7768 | D:5      | Reached skill level 8 in Stealth
  8011 | D:4      | Found a bloodstained altar of Trog.
  8698 | D:4      | Killed Raultor's ghost
  8698 | D:4      | Reached skill level 5 in Short Blades
  8698 | D:4      | Reached skill level 9 in Stealth
  9002 | D:6      | Reached XP level 10. HP: 91/91 MP: 6/17
  9120 | D:7      | Found a glowing golden altar of the Shining One.
  9166 | D:7      | Noticed 1viktor's ghost (novice GrFi)
  9197 | D:7      | Killed 1viktor's ghost
  9197 | D:7      | Reached skill level 6 in Short Blades
  9197 | D:7      | Reached skill level 10 in Stealth
  9255 | D:7      | Noticed Ashar's ghost (novice MfIE)
  9762 | D:7      | Got a polished leather armour
 10108 | D:7      | Killed Ashar's ghost
 10108 | D:7      | Reached skill level 3 in Dodging
 10327 | D:7      | Reached skill level 4 in Dodging
 10787 | D:8      | Found an iron altar of Okawaru.
 10795 | D:8      | Reached skill level 5 in Dodging
 10895 | D:8      | Found an ancient bone altar of Kikubaaqudgha.
 10896 | D:8      | Found a snail-covered altar of Cheibriados.
 10900 | D:8      | Became a worshipper of Cheibriados the Contemplative
 11153 | D:9      | Noticed a centaur warrior
 11156 | D:9      | Killed a centaur warrior
 11156 | D:9      | Reached skill level 6 in Dodging
 11183 | D:8      | Noticed Maurice
 11190 | D:9      | Reached XP level 11. HP: 78/97 MP: 15/18
 11192 | D:9      | Killed Maurice
 11192 | D:9      | Reached skill level 7 in Dodging
 11296 | D:9      | Found a blossoming altar of Fedhas.
 11299 | D:9      | Found a stormy altar of Qazlal.
 11483 | D:9      | Reached * piety under Cheibriados
 12522 | D:5      | Noticed asdu's ghost (novice TeSk)
 12533 | D:5      | Killed asdu's ghost
 12533 | D:5      | Reached skill level 1 in Bows
 12827 | D:8      | Reached ** piety under Cheibriados
 13169 | D:8      | Identified the +7 leather armour "Mipsatup" {*Contam rPois Dex+8} (You found it on level 7 of the Dungeon)
 13300 | D:8      | Reached skill level 2 in Bows
 14065 | D:9      | Reached *** piety under Cheibriados
 14065 | D:9      | Reached skill level 8 in Dodging
 14093 | D:10     | Entered Level 10 of the Dungeon
 14123 | D:10     | Reached skill level 3 in Bows
 14290 | D:10     | Reached skill level 4 in Bows
 14685 | D:10     | Noticed an unseen horror
 14687 | D:10     | Killed an unseen horror
 14687 | D:10     | Reached skill level 5 in Bows
 15248 | D:10     | Noticed a stone giant
 15260 | D:11     | Noticed a hill giant
 15266 | D:11     | Killed a hill giant
 15266 | D:11     | Reached skill level 6 in Bows
 15339 | D:11     | Reached **** piety under Cheibriados
 15886 | D:11     | Reached skill level 7 in Bows
 15965 | D:11     | Reached ***** piety under Cheibriados
 16007 | D:11     | Reached XP level 12. HP: 105/105 MP: 19/19
 16223 | D:11     | Found a staircase to the Lair.
 16226 | D:11     | Reached skill level 8 in Bows
 16431 | D:11     | Reached skill level 9 in Bows
 16939 | D:12     | Noticed xeno23's ghost (journeyman DDNe)
 17153 | D:12     | Reached skill level 10 in Bows
 17222 | D:12     | Reached ****** piety under Cheibriados
 17239 | D:12     | Noticed a hill giant
 17248 | D:12     | Killed a hill giant
 17256 | D:12     | Noticed a hill giant
 17271 | D:12     | Killed a hill giant
 17388 | D:12     | Noticed a seven-headed hydra
 17397 | D:12     | Killed a seven-headed hydra
 17397 | D:12     | Reached skill level 11 in Bows
 17541 | Lair:1   | Entered Level 1 of the Lair of Beasts
 17908 | Lair:1   | Gained mutation: You can use your snake-like lower body to constrict enemies. [Naga growth]
 17908 | Lair:1   | Reached XP level 13. HP: 111/111 MP: 13/20
 17967 | Lair:1   | Reached skill level 12 in Bows
 19311 | D:12     | Reached skill level 13 in Bows
 19519 | D:12     | Slain by an orc warrior

Vault maps used:
D:1:      dpeg_arrival_refuge, minivault_23, minmay_misc_feat_pillars,
          kennysheep_boxes
D:3:      nicolae_overflow_hidden_temple, first_bread, uniq_iyjb
D:4:      old_standard_altar, nicolae_overflow_crystal_walls,
          minmay_temple_entry_overgrown
D:5:      vehumet_statue, mrwooster_statue_mirror, kennysheep_generic_room_7
D:6:      serial_glass, glass_columns_a, glass_columns_b, kennysheep_diamond,
          guppyfry_early_elven_hall
D:7:      kennysheep_mini_moat, grunt_livestock, minmay_misc_feat_enclosed
D:8:      lemuel_blue_sif_altar, gammafunk_temple_overflow_statue,
          overflow_temple_1_default, uniq_maurice
D:9:      grunt_temple_overflow_forces_of_nature
D:10:     minmay_diamond_stairs, serial_curves, eino_curves_02, eino_curves_02
D:11:     minmay_lair_entry_grove
D:12:     minmay_opposing_rooms, kennysheep_orc_monster_closet_entryway,
          portal_ice_cave_entry_ice_beasts
Temple:   temple_eino_lava_8
Lair:1:   beast_lair_carwin_1

Vanquished Creatures
  A hydra
  A centaur warrior
  The ghost of Ashar the Spear-Bearer, a novice MfIE of Yredelemnul
  2 unseen horrors
  The ghost of 1viktor the Shield-Bearer, a novice GrFi of Makhleb
  3 hill giants
  2 ugly things
  A manticore Maurice
  5 spiny frogs
  An efreet
  2 komodo dragons
  The ghost of Raultor the Shield-Bearer, a novice GrFi
  The ghost of asdu the Cudgeler, a novice TeSk
  3 trolls
  The ghost of bart the Cleaver, an amateur HOCK of Xom
  3 two-headed ogres
  2 shadows
  3 deep elf magi
  35 yaks
  A hog
  A deep elf fighter
  A human
  4 hungry ghosts
  The ghost of Archteshnor the Cudgeler, an amateur DsCK of Xom
  A wyvern
  3 hippogriffs
  2 basilisks
  A wraith
  5 water moccasins
  A soldier ant
  4 wolves
  13 porcupines
  A necrophage
  A black bear
  4 orc warriors
  7 crocodiles
  14 ice beasts
  2 phantoms
  11 ogres
  2 sky beasts
  7 centaurs
  11 giant frogs
  4 big kobolds
  2 gnoll sergeants
  A wyvern skeleton
  A scorpion
  6 killer bees
  12 wights
  6 crimson imps
  3 quasits
  2 centaur zombies
  A gnoll shaman
  3 giant frog zombies
  7 orc priests Ijyb
  4 hounds
  3 jellies
  A centaur skeleton
  A giant frog skeleton
  4 iguanas
  11 orc wizards
  7 worker ants
  A killer bee zombie
  9 sheep
  2 hound skeletons
  2 hound zombies
  11 adders
  17 gnolls
  6 shadow imps
  35 river rats
  2 oozes
  2 adder zombies
  8 worms
  5 adder skeletons
  7 giant geckos
  52 orcs
  A ball python
  6 giant cockroaches
  9 goblins
  9 hobgoblins
  15 jackals
  4 quokkas
  7 bats
  5 giant newts
  A jackal skeleton
  14 kobolds
  10 rats
  2 bushes
  17 fungi
  16 plants
523 creatures vanquished.
